cohdb
Replays
Latest Replays
All Replays
Popular Replays
Top Player Replays
Match Explorer
How It Works
Community
CoH3 Stats
Reddit
Sign in to upload your games and track your stats! →
Sign in with Steam
Match 43043339
Unlisted
Match 43043339
Overview
Messages
Build Orders
End
Pioneer Squad
Construct Infanterie Kompanie
Grenadier Squad
Grenadier Squad
Grenadier Squad
Construct Panzergrenadier Kompanie
251 Medium Carrier
MG 42 Machine Gun Team
Panzergrenadier Squad
Pioneer Squad
251 Medium Carrier
Panzergrenadier Officer Quarters
Panzergrenadier Squad
MG 42 Machine Gun Team
Panzergrenadier Squad
Infanterie Officer Quarters
rudewoi
Only Furb
➌λλλ ➌λλλ ➌λλλ
bigcheese
0
0
Comments
sign in to comment!
No comments posted yet!